Cogmind - Beta 14 *** ADVENTURER MODE // 2025.01.01 @ 17:45:50 // Winter2019/RPGLIKE Player: MoYuYu Result: Self-destructed Performance ------------- Evolutions (1) 500 Regions Visited (2) 400 Robots Destroyed (40) 200 Value Destroyed (1068) 1068 Prototype IDs (2) 40 Alien Tech Used (0) 0 Bonus (0) 0 TOTAL SCORE: 2208 Bonus ------- None Cogmind --------- Core Integrity 154/1000 Matter 350/350 Energy 400/400 System Corruption 0% Temperature Cool (0) Movement Walking (90) Location -9/Materials Parts ------- > --- POWER (2) -------- Ion Engine Ion Engine > --- PROPULSION (3) --- VSS Leg VSS Leg > --- UTILITY (3) ------ Small Matter Pod Signal Interpreter Light Armor Plating > --- WEAPON (3) ------- Field Laser Field Laser Particle Cannon > --- INVENTORY (2) ---- Faulty Heavy Ion Engine Faulty Improved Assault Rifle Peak State ------------ > --- POWER ------------ Ion Engine Backup Power I > --- PROPULSION ------- VSS Leg VSS Leg > --- UTILITY ---------- Small Matter Pod Signal Interpreter Light Armor Plating > --- WEAPON ----------- Field Laser Field Laser Particle Cannon > --- INVENTORY -------- Heavy Ion Engine Improved Assault Rifle [Rating: 19] Favorites ----------- Power Ion Engine Engine Ion Engine Propulsion Aluminum Leg Leg Aluminum Leg Utility Signal Interpreter Device Sensor Array Storage Small Matter Pod Processor Signal Interpreter Protection Light Armor Plating Weapon Field Laser Energy Gun Field Laser Energy Cannon Particle Cannon Ballistic Gun Assault Rifle Launcher Grenade Launcher Slashing Weapon Mining Claw Build | -11 -10 -9 ------- Run | Yrd Mat Mat Slots Evolved 7 | 4 1 2 Power 1 | . . 1 Propulsion 2 | 1 . 1 Utility 2 | 1 1 . Weapon 2 | 2 . . Parts Attached 22 | 6 7 9 Power 4 | 1 1 2 Engine 4 | 1 1 2 Core . | . . . Reactor . | . . . Propulsion 4 | 2 . 2 Treads . | . . . Leg 4 | 2 . 2 Wheel . | . . . Hover . | . . . Flight . | . . . Utility 5 | . 4 1 Device 1 | . 1 . Storage 1 | . 1 . Processor 2 | . 1 1 Hackware . | . . . Protection 1 | . 1 . Artifact . | . . . Weapon 9 | 3 2 4 Energy Gun 3 | 1 . 2 Energy Cannon 2 | . . 2 Ballistic Gun 2 | 2 . . Ballistic Cannon . | . . . Launcher 1 | . 1 . Special Weapon . | . . . Impact Weapon . | . . . Slashing Weapon 1 | . 1 . Piercing Weapon . | . . . Special Melee Weapon . | . . . Unidentified Prototypes . | . . . Parts Lost 1 | . 1 . Power . | . . . Propulsion . | . . . Utility 1 | . 1 . Weapon . | . . . Highest Loss Streak 1 | . 1 . To Critical Strikes . | . . . Average Slot Usage (%) 94 | . 93 94 Engine 14 | . 11 16 Leg 21 | . 24 19 Device 2 | . 4 . Storage 7 | . 4 9 Processor 9 | . 8 9 Protection 6 | . 1 9 Energy Gun 9 | . . 17 Energy Cannon 4 | . . 7 Ballistic Gun 12 | . 24 2 Launcher 3 | . 5 2 Slashing Weapon 2 | . 6 . Peak Build Rating 19 | 6 9 19 Average Rating 12 | 4 7 17 On Entrance 5 | . 6 9 Naked Turns . | . . . Heaviest Build 24 | 10 15 24 Greatest Support 24 | 20 20 24 Greatest Overweight (x) 1 | 1 . . Average Overweight (x) . | . . . Largest Inventory Capacity 2 | . . 2 Average Capacity . | . . 1 Most Carried 2 | . . 2 Average Carried . | . . 1 Final Capacity 2 | . . 2 Final Carried 2 | . . 2 Class Distribution -------------------- 74% | Gunner 25% | Mutant Dominant Class ---------------- Mutant | -10/Materials Gunner | -9/Materials Resources | -11 -10 -9 ----------- Run | Yrd Mat Mat Matter Collected 583 | 234 259 90 Remotely . | . . . Salvage Created 1252 | . 172 1080 Parts 87 | . 23 64 Haulers Intercepted . | . . . Recyclers Shooed . | . . . Parts Field Recycled . | . . . Retrieved Matter . | . . . Parts Self-Destructed . | . . . Prevented . | . . . Kills | -11 -10 -9 ------- Run | Yrd Mat Mat Combat Hostiles Destroyed 31 | . 8 23 Melee 3 | . 3 . Guns 19 | . 4 15 Cannons 5 | . . 5 AOE 1 | . 1 . Classes Destroyed 7 | . 3 4 Builder 1 | . . 1 Recycler 1 | . . 1 Watcher 7 | . 2 5 Swarmer 9 | . 3 6 Grunt 13 | . 5 8 Brawler 2 | . . 2 Sentry 7 | . . 7 Best Kill Streak 8 | . 3 8 Combat Bots Only 3 | . 3 3 Max Kills in Single Turn 2 | . 2 1 Gunslinging 1 | . 1 . Exploded 1 | . 1 . Melee 1 | . 1 . Uniques/NPCs Destroyed . | . . . Combat | -11 -10 -9 -------- Run | Yrd Mat Mat Hostile Shots Fired 128 | . 34 94 Missed 37 | . 7 30 Damage Taken 1123 | . 539 584 Core 846 | . 437 409 Absorbed by Shields . | . . . Redirected to Core 663 | . 350 313 Ignored by Resistances 252 | . 78 174 Core Remaining (%) 78 | 100 56 . Volleys Fired 88 | . 25 63 Largest 3 | . 2 3 Hottest 194 | . 40 194 Shots Fired 187 | . 47 140 Gun 170 | . 44 126 Cannon 14 | . . 14 Launcher 3 | . 3 . Special . | . . . Kinetic 44 | . 44 . Thermal 140 | . . 140 Explosive 3 | . 3 . Electromagnetic . | . . . Robot Hit Streak 13 | . 7 13 Robot Miss Streak 4 | . 2 4 Penetration Max . | . . . Secondary Targets 2 | . 1 1 Max Gunslinging Chain 1 | . 1 1 Shots Hit Robots 140 | . 37 103 Core Hits 53 | . 15 38 Critical Kills . | . . . Critical Parts Destroyed . | . . . Critical Strikes 8 | . . 8 Burn 8 | . . 8 Melee Attacks 17 | . 17 . Impact . | . . . Slashing 17 | . 17 . Piercing . | . . . Sneak Attacks . | . . . Combat Hostiles . | . . . Follow-up Attacks . | . . . Damage Inflicted 2454 | . 557 1897 Guns 1856 | . 266 1590 Cannons 229 | . . 229 Explosions 102 | . 102 . Melee 189 | . 189 . Ramming 78 | . . 78 Kinetic 266 | . 266 . Thermal 1819 | . . 1819 Explosive 102 | . 102 . Electromagnetic . | . . . Impact . | . . . Slashing 189 | . 189 . Piercing . | . . . Highest Corruption 1 | . 1 . Average Corruption 1 | . 1 . Corruption Purged . | . . . Corruption Blocked . | . . . Effects 3 | . 3 . Message Errors 1 | . 1 . Heat Flow Errors 1 | . 1 . Data Loss (minor) 1 | . 1 . Overload Shots . | . . . Overflow Damage 17 | . 14 3 Projectiles . | . . . Explosions . | . . . Melee 17 | . 14 3 Knockbacks . | . . . Impact . | . . . Kinetic . | . . . Secondary . | . . . Self-Inflicted Damage . | . . . Shots . | . . . Rammed . | . . . Targets Rammed 10 | . . 10 Kicked 10 | . . 10 Crushed . | . . . Highest Temperature 405 | . 263 405 Average Temperature 125 | . 70 130 Received Heat Transfer 429 | . 204 225 Effects 5 | . . 5 Shutdowns 1 | . . 1 Energy Bleed 1 | . . 1 Interference 3 | . . 3 Siege Activations . | . . . Robots Corrupted . | . . . Combat Hostiles . | . . . Parts Fried . | . . . Impact Corruptions 1 | . . 1 Robots Melted 3 | . . 3 Combat Hostiles 3 | . . 3 Parts Melted 16 | . . 16 Heat Transferred 4477 | . . 4477 Parts Sabotaged . | . . . Parts Stolen . | . . . Parts Stripped . | . . . Power Chain Reactions . | . . . Alert | -11 -10 -9 ------- Run | Yrd Mat Mat Peak Influence 317 | . 240 317 Initial 44 | . . 44 Average 120 | . 99 144 Maximum Alert Level 1 | . 1 1 Low Security (%) 82 | 100 92 72 Level 1 17 | . 7 27 Level 2 . | . . . Level 3 . | . . . Level 4 . | . . . Level 5 . | . . . High Security . | . . . Max Security . | . . . Squads Dispatched 1 | . . 1 Investigation 1 | . . 1 Extermination . | . . . Reinforcement . | . . . Assault . | . . . Garrison . | . . . Intercept . | . . . Searches Triggered . | . . . Construction Impeded . | . . . Haulers Reinforced . | . . . Active Scanning Responses . | . . . Cargo Convoy Interrupts . | . . . Stealth | -11 -10 -9 --------- Run | Yrd Mat Mat Distress Signals 4 | . 1 3 Communications Jammed . | . . . Distress Signals . | . . . Times Spotted 53 | . 17 36 Peak Tracking Total 5 | . 4 5 Tactical Retreats 9 | . 5 4 Traps | -11 -10 -9 ------- Run | Yrd Mat Mat Traps Triggered . | . . . Indirectly . | . . . Trap Hack Attempts . | . . . Triggered . | . . . Disarmed . | . . . Reprogrammed . | . . . Reused . | . . . Traps Extracted . | . . . Installed . | . . . Triggered . | . . . Machines | -11 -10 -9 ---------- Run | Yrd Mat Mat Machines Disabled . | . . . Max in Single Turn . | . . . Machines Repaired . | . . . Machines Dismantled . | . . . Machines Sabotaged . | . . . Overloaded Fab Kills . | . . . Hacking | -11 -10 -9 --------- Run | Yrd Mat Mat Machines Accessed 5 | . 1 4 Terminals 3 | . 1 2 Fabricators . | . . . Repair Stations 1 | . . 1 Recycling Units . | . . . Scanalyzers 1 | . . 1 Garrison Access . | . . . Total Hacks 17 | . 3 14 Successful 8 | . 1 7 Failed 9 | . 2 7 Catastrophic 2 | . 1 1 Database Lockouts . | . . . Manual 9 | . 3 6 Terminals 10 | . 3 7 Fabricators . | . . . Repair Stations 3 | . . 3 Recycling Units . | . . . Scanalyzers 4 | . . 4 Garrison Access . | . . . Terminal Hacks 4 | . 1 3 Branch Access Points 1 | . 1 . Scanalyzer Index 1 | . . 1 Alert Level 1 | . . 1 Unreport Threat 1 | . . 1 Fabricator Hacks . | . . . Repair Station Hacks 1 | . . 1 Refit 1 | . . 1 Recycling Unit Hacks . | . . . Scanalyzer 3 | . . 3 Insert Component 2 | . . 2 Analyze 1 | . . 1 Garrison Access Hacks . | . . . Unauthorized Hacks . | . . . Terminals . | . . . Fabricators . | . . . Repair Stations . | . . . Recycling Units . | . . . Scanalyzers . | . . . Garrison Access . | . . . Data Cores Recovered . | . . . Used . | . . . Hacking Detections 2 | . . 2 Full Trace Events 1 | . . 1 Feedback Events . | . . . Feedback Blocked . | . . . Robot Schematics Acquired . | . . . Robots Built . | . . . Authchips . | . . . Time . | . . . Total Robot Build Rating . | . . . Part Schematics Acquired 1 | . . 1 Parts Built . | . . . Authchips . | . . . Time . | . . . Total Part Build Rating . | . . . Parts Repaired . | . . . Time . | . . . Parts Recycled . | . . . Recycled Matter . | . . . Retrieved Matter . | . . . Retrieved Components . | . . . Parts Scanalyzed 1 | . . 1 Part Schematics Acquired 1 | . . 1 Parts Damaged . | . . . Bothacking | -11 -10 -9 ------------ Run | Yrd Mat Mat Used RIF Installer . | . . . Robots Hacked . | . . . Non-combat . | . . . Combat . | . . . Robot Hacks Applied . | . . . Relay Couplers Released . | . . . Fabnet Peak Effective % . | . . . Robots Rewired . | . . . Allies Hacked . | . . . Hacks Repelled . | . . . Allies | -11 -10 -9 -------- Run | Yrd Mat Mat Total Allies . | . . . Largest Group . | . . . Highest-Rated Group . | . . . Highest-Rated Ally . | . . . Total Orders . | . . . Ally Attacks . | . . . Total Damage . | . . . Kills . | . . . Allies Corrupted . | . . . Allies Melted . | . . . Intel | -11 -10 -9 ------- Run | Yrd Mat Mat Robot Analysis Total . | . . . Derelict Logs Recovered . | . . . Drone Launches . | . . . Drone Recoveries . | . . . Exploration | -11 -10 -9 ------------- Run | Yrd Mat Mat Turns Passed 1730 | 63 739 928 Spaces Moved 1195 | 48 484 663 Core 13 | 13 . . Treads . | . . . Legs 1182 | 35 484 663 Wheels . | . . . Hover . | . . . Flight . | . . . Fastest Speed 50 | 50 120 90 Average Speed 105 | 104 120 94 Slowest Speed 120 | 120 120 120 Overloaded Moves . | . . . Propulsion Burnouts . | . . . Robots Hopped . | . . . Cave-ins Triggered 1 | . 1 . Exploration Rate (%) 43 | 3 82 46 Regions Visited 2 Branch Regions . Pre-discovered Areas . | . . . Known Exits Taken 1 | . 1 . Unknown Exits Taken 1 | 1 . . Scrap Searched . | . . . Spaces Dug 1 | . 1 . Terrain Destroyed 19 | . 19 . Melee 1 | . 1 . Projectile . | . . . AOE 18 | . 18 . Terrain Rammed . | . . . Walls Destroyed . | . . . Machines Disabled . | . . . Actions | -11 -10 -9 --------- Run | Yrd Mat Mat Total 1460 | 58 564 838 Wait 117 | 5 29 83 Move 1193 | 47 483 663 Hop . | . . . Pick Up 2 | . . 2 Fast Attach 16 | 6 6 4 Attach . | . . . Detach . | . . . Swap 6 | . 1 5 Drop 11 | . 3 8 Fire 88 | . 25 63 Melee 17 | . 17 . Ram . | . . . Kick 10 | . . 10 Crush . | . . . Escape Stasis . | . . . Rewire . | . . . Trap . | . . . Miscellaneous . | . . . Route ------- -11/Scrapyard -10/Materials (discovered 4 exits: *Mat x3 / *Min) -9/Materials (discovered 2 exits: [*Mat] / [*Min]) History --------- Turn | Location | Event 5 | -11/Scrapyard | Upgraded with Propulsion slot (x1) 5 | -11/Scrapyard | Upgraded with Utility slot (x1) 5 | -11/Scrapyard | Upgraded with Weapon slot (x1) 14 | -11/Scrapyard | Discovered new exit (range 15) 16 | -11/Scrapyard | Upgraded with Weapon slot (x1) 64 | -11/Scrapyard | Entered Materials 88 | -10/Materials | Identified exit to Mines 309 | -10/Materials | Build established: Mutant 445 | -10/Materials | Crushed by falling debris 495 | -10/Materials | Discovered new exit (range 10) 527 | -10/Materials | Identified exit to Materials 606 | -10/Materials | Discovered exit to Materials (range 15) 717 | -10/Materials | Upgraded with Utility slot (x1) 757 | -10/Materials | Build established: Gunner 764 | -10/Materials | Derelicts attacked the area 776 | -10/Materials | Discovered exit to Materials (range 12) 803 | -10/Materials | Entered another Materials area 805 | -9/Materials | Reached level 2 805 | -9/Materials | Reached level 3 926 | -9/Materials | Upgraded with Power slot (x1) 1003 | -9/Materials | Reached level 4 1097 | -9/Materials | Core integrity fell below 50% 1256 | -9/Materials | Discovered new exit (range 16) 1437 | -9/Materials | Upgraded with Propulsion slot (x1) 1507 | -9/Materials | Discovered new exit (range 11) 1510 | -9/Materials | Reached level 5 1711 | -9/Materials | Core integrity fell below 20% 1731 | -9/Materials | Self-destructed Last Messages --------------- (Burn). 01717_ Y-45 Defender heat damages Lgt. Armor Plating. 01719_ Y-45 Defender critical meltdown. 01719_ Lgt. Treads melted. 01719_ Beam Rifle melted. 01719_ Heat Sink melted. 01719_ Imp. Ion Engine melted. 01725_ Connecting with Scanalyzer... >>Insert(Prototype Engine) Scanning Faulty Hvy. Ion Engine... Ready to analyze. >>Insert(Prototype Ballistic Gun) Scanning Faulty Imp. Assault Rifle... Ready to analyze. >>Scanalyze Scanning: Faulty Imp. Assault Rifle... Schematic downloaded. 01725_ ALERT: Suspicious activity at Scanalyzer M001. Dispatching Investigation squad. Map ----- +----------------------------------------------------+ | ?????????????????????????????????????????????????? | | ?????????????????????????????????????????????????? | | ?????????????????????????????????????????????????? | | ?????????????????????????????????????????????????? | | ?????????????????????????????????????????????????? | | ?????????????????????????????????????????????????? | | ??????????? ???????????????????#####???????????? | | ??????????? ???????????????????# #????? ?????? | | ????????????"T???????????????????# < #????? ?????? | | ???????????? ???????????????????# #????? ?????? | | ??????????###/###????????????????+ #????? ?????? | | ??????????? ????????????????# #????? ?????? | | ????????????# !#????????????????# #????? ?????? | | ????#[ ????# *!#???????????????## ##???? ?????? | | ????# "%## ==#################! #####+##???? | | ????# T + !%%%%%%*!%%*! !%%!= =#???? | | ????#[ " ##!=%%################[ T !%+???? | | ????????????# |[*# #?????# = =#???? | | ???????????## !==# """ #?????# % #### #???? | | ?????####+## % # """ #???#####+###### #???? | | ? = # """ #???# % ## #???? | | ? + #???# ! = ## +???? | | ?? "" # "" #???# ##= #???? | | ????"Y # S"" ##??# /%%% #???# | | ????"" # "" #??# ##* #???# | | ??? " # ! =%% @##??# ####+##### | | ??? "%" ##########???# #?# ## | | ??? " #????????????# #?# ## | | ???? #????????????###########?# ## | | ???? #??????????????????####### #? | | ????? #??????????????????# ##+##### | | ????? ???????????????????# !%! | | ?????? ???????????????????# =!=| | | ???????? ???????????????????# !%* | | ??????????#?#####???????????????????# ##+##### | | ????????????????????????????????????## ## ?# | | ?????????????????????????????????????# ## ## | | ???????????????????????????????###???# ## ## | | ???????????????????????????##### ##### ## ## | | ???????????????????????????# ## ## ## | | ???????????????????????????# " # # ## | | ???????????????????????????# = T # # ### | | ???????????????????????????# " + ## ##?# | | ???????????????????????????# [% # #?#???# | | ???????????????????????????# [% # #?????## | | ???????????????????????????# #######??????? | | ???????????????????????????# #????????????? | | ???????????????????????????# #????????????? | | ???????????????????????????####+#####????????????? | | ?????????????????????????????????????????????????? | +----------------------------------------------------+ Best States ------------- Heat Dissipation 43 Energy Generation 15 Energy Capacity 400 Matter Stores 350 Matter Capacity 350 Sight Range 16 Robot Scan Range 18 Terrain Scan Density 110 Armor Coverage 150 Resistance: KI 20 Resistance: TH 20 Resistance: EX 20 Resistance: EM 20 Resistance: I 20 Resistance: S 20 Resistance: P 20 Evasion (%) 57 Offensive Hacking 10 Item Schematics ----------------- Imp. Assault Rifle | -9/Materials | Scanalyzed Robot Schematics ------------------ None Fabricated ------------ Nothing Alien Tech Used ----------------- None Achievements -------------- None Challenges ------------ None RPGLIKE | -11 -10 -9 --------- Run | Yrd Mat Mat Levels Raised 4 | . . 4 XP Earned 11460 | 4000 970 6490 XP Spent 6015 | 2780 975 2260 Upgrades 23 | 12 4 7 Power Slot 1 | . . 1 Propulsion Slot 2 | 1 . 1 Utility Slot 2 | 1 1 . Weapon Slot 2 | 2 . . Core Integrity 8 | 8 . . Heat Dissipation 3 | . . 3 Inventory Capacity 2 | . . 2 Sensor Range 2 | . 2 . Terrain Scan Density 1 | . 1 . Protomatter Created 438 | . 142 296 Protomatter Decayed 349 | . 142 207 Game ------ Seed ImpactSpliceFlightbrick Manual? 0 Play Time 00:33:00 Cumulative 15.0 hours Start 2025.01.01 @ 17:14:58 End 2025.01.01 @ 17:45:50 Sessions 1 Manual Loads 0 Difficulty Adventurer Special Mode Winter2019/RPGLIKE Game No. 13 Rogue 4 Adventurer 4 Explorer 5 Win Type - Total 0 Types 0/0/0/0/0/0/0/0/0 Lore% 9 Gallery% 18 Achievement% 16 Wizard Run 0 Options --------- Layout 2 ASCII 0 Keyboard 0 Movement Mouse Keybinds 1 Fullscreen 1 Font 20/Terminus Map View 50x44 Zoom Use 0% Tactical HUD 1 Map Filters NONE Filters NONE Steam 1 RUN: fdd0d1e6-adb3-4a4b-94fa-8ee65b58adee